 Dungeon Crawl Stone Soup version 0.29-a0-219-g0a02b1cf4f (console) character file.

Game seed: 4557488041062265107

837 jejorda2 the Shooter (level 7, -9/61 HPs)
             Began as a Minotaur Hunter on Feb 25, 2022.
             Killed from afar by a steam dragon (23 damage)
             ... with a ball of steam
             ... on level 5 of the Dungeon.
             The game lasted 00:08:04 (4755 turns).

jejorda2 the Shooter (Minotaur Hunter)              Turns: 4755, Time: 00:08:05

Health: -9/61      AC:  4    Str: 16    XL:     7   Next: 66%
Magic:  6/6        EV: 13    Int:  8    God:
Gold:   228        SH:  0    Dex: 13    Spells: 6/6 levels left

rFire   . . .      SeeInvis .   a - +1 shortbow
rCold   . . .      Faith    .   (shield currently unavailable)
rNeg    . . .      Spirit   .   b - +1 leather armour
rPois   .          Reflect  .   (helmet restricted)
rElec   .          Harm     .   (no cloak)
rCorr   .          Rampage  .   (no gloves)
Will    .....                   (no boots)
Stlth   ++........              B - amulet of regeneration
HPRegen 1.00/turn               (no ring)
MPRegen 0.10/turn               (no ring)

@: no status effects
A: horns 2, retaliatory headbutt
a: no special abilities


You were on level 5 of the Dungeon.
You visited 1 branch of the dungeon, and saw 5 of its levels.
You also visited: Sewer.

You collected 228 gold pieces.

Inventory:

Hand Weapons
 a - a +1 shortbow (weapon)
Missiles
 o - 3 silver javelins
 w - a curare-tipped dart
Armour
 b - a +1 leather armour (worn)
Jewellery
 d - a ring of ice
 B - an amulet of regeneration (around neck)
Wands
 k - a wand of flame (16)
 p - a wand of charming (14)
 y - a wand of mindburst (10)
Scrolls
 c - a scroll of enchant armour
 r - 2 scrolls of blinking
 s - 2 scrolls of fog
Potions
 e - a potion of brilliance {unknown}
 g - 2 potions of magic
 h - 2 potions of mutation
 j - 2 potions of flight
 l - a potion of lignification {unknown}
 n - 3 potions of heal wounds
 q - a potion of curing {unknown}
 u - a potion of might {unknown}
 v - a potion of attraction {unknown}
 A - a potion of berserk rage


   Skills:
 + Level 5.1 Fighting
 * Level 7.4 Bows
 + Level 4.7 Dodging
 + Level 3.4 Stealth


You had 6 spell levels left.
You didn't know any spells.
Your spell library contained the following spells:

 Spells                   Type           Power      Damage    Failure   Level
 Summon Forest            Summ/Tloc      0%         N/A       100%        5
 Summon Mana Viper        Hex/Summ       0%         N/A       100%        5
 Summon Cactus Giant      Summ           0%         N/A       100%        6


Dungeon Overview and Level Annotations

Branches:
Dungeon (5/15)              Sewer (visited)
 Temple: D:4-7

Altars:


Innate Abilities, Weirdness & Mutations

You have a pair of horns on your head.
You reflexively headbutt those who attack you in melee.


Message History

The ball of steam misses you.
You are too injured to fight recklessly!
You are too injured to fight recklessly!
You are too injured to fight recklessly!
You are too injured to fight recklessly!
You are too injured to fight recklessly!
You are too injured to fight recklessly!
You are too injured to fight recklessly!
Shoot: a) +1 shortbow
Press: ? - help, Q - select action, (/) - cycle Shift-Dir - straight line, f/p - steam dragon
Aim: a steam dragon (steam, severely wounded, catching its breath, 64% to hit)
You shoot an arrow.
The arrow closely misses the steam dragon.
The steam dragon bites you but does no damage.
The steam dragon claws you but does no damage.
Shoot: a) +1 shortbow
Press: ? - help, Q - select action, (/) - cycle Shift-Dir - straight line, f - scorpion, p - steam dragon
Aim: a scorpion (64% to hit)
You shoot an arrow.
The arrow barely misses the steam dragon.
The arrow hits the scorpion but does no damage.
The steam dragon bites you!
* * * LOW HITPOINT WARNING * * *
The steam dragon claws you.
* * * LOW HITPOINT WARNING * * *
Unknown command.
Shoot: a) +1 shortbow
Press: ? - help, Q - select action, (/) - cycle Shift-Dir - straight line, f/p - scorpion
Aim: a scorpion (64% to hit)
You shoot an arrow. The arrow hits the steam dragon.
The steam dragon is almost dead.
The steam dragon misses you. x2
Shoot: a) +1 shortbow
Press: ? - help, Q - select action, (/) - cycle Shift-Dir - straight line, f/p - scorpion
Aim: a scorpion (64% to hit)
You shoot an arrow. The arrow hits the steam dragon.
The steam dragon is almost dead.
The steam dragon breathes steam at you. The ball of steam hits you!!
You die...

...#..#..# #..#.## #
......#..####...#.. .# .
......#..#..#.....###.#..
.........#..#............
...<.....#..#............
.<...##.......#..........
.....###.#....#.ยง..#
..##.###.#.#######.#
..##.##.......#.@Ds#
..##.##...##..#..###
..####.....##.#..#
..###.......#....#
...##.......##...#
..##...... #.###
..##...... ### .># ..#


You could see a steam dragon (catching breath) and a scorpion.

Vanquished Creatures
  A water moccasin (D:3)
  An ice beast (D:5)
  An ogre (D:5)
  A kobold brigand (Sewer)
  A scorpion (D:3)
  A howler monkey (D:4)
  An orc priest (D:2)
  2 hounds
  An iguana (D:4)
  5 gnolls
  11 adders
  A white imp (D:3)
  3 worms (Sewer)
  2 dart slugs
  3 orcs
  9 endoplasms
  3 giant cockroaches
  9 goblins
  4 hobgoblins
  6 jackals
  4 quokkas
  9 ball pythons
  7 bats
  6 frilled lizards
  14 kobolds
  6 rats
112 creatures vanquished.

Notes
Turn   | Place    | Note
-------+----------+-------------------------------------------
     0 | D:1      | jejorda2 the Minotaur Hunter began the quest for the Orb.
     0 | D:1      | Reached XP level 1. HP: 18/18 MP: 0/0
   102 | D:1      | Reached skill level 1 in Stealth
   237 | D:1      | Reached XP level 2. HP: 24/25 MP: 1/1
   543 | D:1      | Reached XP level 3. HP: 30/30 MP: 2/2
   907 | D:1      | Reached skill level 5 in Bows
  1321 | D:2      | Found a faded altar of an unknown god.
  1336 | D:2      | Reached XP level 4. HP: 38/38 MP: 3/3
  2027 | D:3      | Reached XP level 5. HP: 45/45 MP: 4/4
  2144 | D:3      | HP: 2/46 [poisoned by an adder]
  2776 | D:3      | Reached skill level 6 in Bows
  2776 | D:3      | Reached XP level 6. HP: 52/52 MP: 5/5
  2811 | D:3      | Noticed a water moccasin
  2822 | D:3      | Killed a water moccasin
  3337 | D:4      | Found a glowing drain.
  3349 | Sewer    | Entered a sewer
  3589 | Sewer    | Reached XP level 7. HP: 44/60 MP: 6/6
  3921 | D:4      | Identified the +5 dagger of Okawaru's Approval {vorpal,
                  | *Corrode rN++ Int+4}
  4159 | D:4      | Reached skill level 7 in Bows
  4450 | D:5      | Entered Level 5 of the Dungeon
  4708 | D:5      | Reached skill level 5 in Fighting
  4737 | D:5      | Noticed a steam dragon
  4755 | D:5      | Killed from afar by a steam dragon

Illustrated notes

Levels and vault maps discovered:
D:1:      zaba_arrival_water, layout_basic
D:2:      layout_basic, nicolae_ecumenical_oubliette
D:3:      layout_loops_cross, serial_bayou_pond_d, grunt_ministairs_8
D:4:      minmay_evil_eye, layout_loops_cross, portal_sewer_entry_f
D:5:      kennysheep_spiral_hall, layout_loops_ring,
          chequers_temple_overflow_minitemple, minmay_temple_entry_butterflies,
          hangedman_abyss_or_decor_stagger, minmay_shop_mass

Skill      XL: |  1  2  3  4  5  6  7 |
---------------+----------------------+-----
Stealth        | 1 2 3 |  3.4
Bows           | 5 6 7 |  7.4
Fighting       | 3 4 5 |  5.1
Dodging        | 3 4 |  4.7

Action                   |  1- 3 |  4- 6 |  7- 9 || total
-------------------------+-------+-------+-------++-------
 Fire: Shortbow          |    98 |   224 |    68 ||   390
  Use: Scroll            |       |     3 |    10 ||    13
       Potion            |       |     1 |       ||     1
Armor: Leather armour    |    20 |    20 |    11 ||    51
Dodge: Dodged            |    30 |    60 |    21 ||   111

Table legend: (Time is in decaauts)
 A = Elapsed time spent in this place.
 B = Non-inter-level travel time spent in this place.
 C = Inter-level travel time spent in this place.
 D = Time resting spent in this place.
 E = Time spent auto-exploring this place.
 F = Levels seen in this place.
 G = Mean time per level.
                   A        B        C        D        E       F      G
               +--------+--------+--------+--------+--------+-----+--------+
         Total |   4936 |   4798 |    138 |     77 |   3959 |   6 |  822.7 |
       Dungeon |   4449 |   4311 |    138 |      6 |   3652 |   5 |  889.8 |
         Sewer |    487 |    487 |      0 |     71 |    306 |   1 |  487.0 |
               +--------+--------+--------+--------+--------+-----+--------+

Top non-repeatable levels by time:
     D:3: 1442 daAuts
     D:1: 1037 daAuts
     D:2: 870 daAuts
     D:4: 857 daAuts
   Sewer: 487 daAuts
     D:5: 241 daAuts
